 Dungeon Crawl Stone Soup version 0.30.0-5-g1a98f26d00 (webtiles) character file.

Game seed: 12071003637048643253

98 Lobster4 the Digger (level 4, 0/24 HPs)
             Began as a Deep Elf Earth Elementalist on May 10, 2023.
             Shot with an arrow by a centaur (9 damage)
             ... on level 3 of the Dungeon.
             The game lasted 00:07:45 (2280 turns).

Lobster4 the Digger (Deep Elf Earth Elementalist)   Turns: 2280, Time: 00:07:46

Health: 0/24       AC:  7    Str: 13    XL:     4   Next: 44%
Magic:  10/11      EV: 13    Int: 20    God:
Gold:   62         SH:  0    Dex: 15    Spells: 4/10 levels left

rFire   . . .        j - +0 dagger (vamp)
rCold   . . .        (no shield)
rNeg    . . .        a - +0 robe
rPois   .            t - +0 helmet
rElec   .            (no cloak)
rCorr   .            (no gloves)
SInv    .            (no boots)
Will    .....        (no amulet)
Stlth   ++           n - +6 ring of strength
HPRegen 0.24/turn    r - +4 ring of protection
MPRegen 0.12/turn

%: no passive effects
@: no status effects
A: no striking features
a: no special abilities


You were on level 3 of the Dungeon.
You visited 1 branch of the dungeon, and saw 3 of its levels.

You collected 112 gold pieces.
You spent 50 gold pieces at shops.

Inventory:

Hand Weapons
 c - a +0 whip
 j - a +0 vampiric dagger (weapon)
 m - a +0 short sword
Armour
 a - a +0 robe (worn)
 d - a +0 leather armour
 t - a +0 helmet (worn)
Jewellery
 n - a +6 ring of strength (left hand)
 r - a +4 ring of protection (right hand)
Scrolls
 g - a scroll of fog
 h - a scroll of fear {unknown}
 i - a scroll of amnesia
 k - a scroll of vulnerability {unknown}
 q - a scroll of immolation
 s - 3 scrolls of teleportation {unknown}
Potions
 b - a potion of magic
 e - a potion of berserk rage
 f - 2 potions of flight
 l - 2 potions of brilliance
 o - a potion of invisibility
 p - a potion of ambrosia
 u - a potion of curing {unknown}


   Skills:
 + Level 0.9 Fighting
 + Level 0.4 Short Blades
 + Level 1.0 Armour
 + Level 3.0 Dodging
 + Level 3.0 Stealth
 + Level 3.7 Spellcasting
 + Level 0.5 Conjurations
 + Level 1.7 Transmutations
 * Level 3.8 Earth Magic


You had 4 spell levels left.
You knew the following spells:

 Your Spells              Type           Power      Damage    Failure   Level
a - Sandblast             Erth           38%        2d10      2%          1
b - Passwall              Tmut/Erth      12%        N/A       6%          2
c - Stone Arrow           Conj/Erth      24%        3d8       16%         3

Your spell library contained the following spells:

 Spells                   Type           Power      Damage    Failure   Level
 Petrify                  Tmut/Erth      15%        N/A       38%         4
 Conjure Ball Lightning   Conj/Air       2%         3x3d6     100%        6
 Discord                  Hex            1%         N/A       100%        8
 Disjunction              Tloc           1%         N/A       100%        8


Dungeon Overview and Level Annotations

Branches:
Dungeon (3/15)

Altars:
Makhleb

Shops:
D:1 :   D:2 ?   D:3 (

Annotations:
D:2 Sigmund


Message History

Aim: a giant cockroach (82% to hit)
The blast of sand hits the giant cockroach.
You kill the giant cockroach!
u - a fizzy white potion A giant cockroach comes into view.
A ball python comes into view.
The ball python hisses angrily.
Casting: Sandblast (safe; 2% risk of failure)
Confirm with . or Enter, or press ? or * to list all spells.
Aiming: Sandblast (safe; 2% risk of failure)
Press: ? - help, Shift-Dir - straight line, f - ball python
Aim: a ball python (80% to hit)
The blast of sand hits the ball python!
You kill the ball python!
Casting: Sandblast (safe; 2% risk of failure)
Confirm with . or Enter, or press ? or * to list all spells.
Aiming: Sandblast (safe; 2% risk of failure)
Press: ? - help, Shift-Dir - straight line, f - giant cockroach
Aim: a giant cockroach (asleep, 100% to hit)
The blast of sand hits the giant cockroach!
You kill the giant cockroach!
Your Stealth skill increases to level 3!
Found a burning altar of Makhleb.
A giant cockroach comes into view.
Found a weird smoking staff.
Casting: Sandblast (safe; 2% risk of failure)
Confirm with . or Enter, or press ? or * to list all spells.
Aiming: Sandblast (safe; 2% risk of failure)
Press: ? - help, Shift-Dir - straight line, f - giant cockroach
Aim: a giant cockroach (82% to hit)
The blast of sand hits the giant cockroach!
You kill the giant cockroach!
A centaur comes into view.
Found 12 gold pieces.
The centaur shouts!
The centaur wields a +3 shortbow.
The centaur shoots an arrow.
The arrow hits you!
The centaur shoots an arrow.
The arrow hits you!
The centaur shoots an arrow.
The arrow hits you!
You die...

##..###.########.†........##
#..##..†## #..........#
#.###.#..#### #......######
#.......§...# #............
#.^.§≈≈§≈§≈.# #............
#..≈≈≈≈§§§..# #............
#..≈≈_.§§§8.# #............
#..≈§≈≈≈≈!..# #............
##..§≈≈≈≈≈§@# #............
#........................(.
#######..|........ .....
##..c....... .....
##......... .... #.......$.
#......... #.........


You could see a centaur.

Vanquished Creatures
  Robin (D:2)
  A gnoll (D:1)
  A worm (D:3)
  A dart slug (D:3)
  9 ball pythons
  4 endoplasms
  6 giant cockroaches
  9 goblins
  11 hobgoblins
  2 quokkas (D:1)
  5 bats
  7 frilled lizards
  7 kobolds
  5 rats
69 creatures vanquished.

Notes
Turn   | Place    | Note
-------+----------+-------------------------------------------
     0 | D:1      | Lobster4 the Deep Elf Earth Elementalist began the quest
                  | for the Orb.
     0 | D:1      | Reached XP level 1. HP: 10/10 MP: 6/6
   241 | D:1      | Reached XP level 2. HP: 8/16 MP: 1/8
   244 | D:1      | Learned a level 2 spell: Passwall
   361 | D:1      | Found Govo's Book Shoppe.
   656 | D:1      | Reached XP level 3. HP: 20/20 MP: 7/9
   759 | D:1      | Learned a level 3 spell: Stone Arrow
  1135 | D:2      | You fall into a shaft and drop 1 floor!
  1263 | D:3      | Found Puometsy's Weapon Emporium.
  1414 | D:2      | Found Xirujo's Magic Scroll Shop.
  1425 | D:2      | Found a faded altar of an unknown god.
  1430 | D:2      | Bought a scroll of noise for 10 gold pieces
  1433 | D:2      | Bought a scroll of immolation for 40 gold pieces
  1477 | D:2      | Reached skill level 1 in Armour
  1895 | D:2      | Noticed Robin
  1928 | D:2      | Reached XP level 4. HP: 24/24 MP: 6/11
  1928 | D:2      | Killed Robin
  2063 | D:2      | Noticed Sigmund
  2264 | D:3      | Found a burning altar of Makhleb.
  2279 | D:3      | Noticed a centaur
  2280 | D:3      | Shot with an arrow by a centaur

Illustrated notes

Levels and vault maps discovered:
D:1:      dpeg_arrival_leaves_temple_mockup, layout_basic, serial_shops, shop,
          minmay_misc_feat_more_columns
D:2:      layout_basic, dreamdust_ecumenical_altar_statues, serial_shops, shop,
          minivault_19, st_stairs_13, minmay_pentomino_o4, uniq_robin,
          uniq_sigmund
D:3:      layout_basic, mainiacjoe_overflow_catwalk, serial_shops,
          nicolae_shop_bloodbath_and_beyond

Skill      XL: |  1  2  3  4 |
---------------+-------------+-----
Armour         | 1 |  1.0
Dodging        | 3 |  3.0
Stealth        | 3 |  3.0
Fighting       | |  0.9
Short Blades   | |  0.4
Spellcasting   | |  3.7
Conjurations   | |  0.5
Transmutations | |  1.7
Earth Magic    | |  3.8

Action                     |  1- 3 |  4- 6 || total
---------------------------+-------+-------++-------
   Cast: Sandblast         |    70 |    18 ||    88
    Use: Scroll            |     4 |     4 ||     8
 Armour: Robe              |     3 |       ||     3
  Dodge: Dodged            |     7 |       ||     7
